 Dungeon Crawl Stone Soup version 0.25.0-10-g039870ee82 (webtiles) character file.

Game seed: 9081078252989448921

108 Esekla the Chiller (level 4, -1/38 HPs)
             Began as a Deep Dwarf Ice Elementalist on June 23, 2020.
             Was an Initiate of Elyvilon.
             Slain by a slave (2 damage)
             ... led by Pikel
             ... on level 4 of the Dungeon.
             The game lasted 00:17:44 (1607 turns).

Esekla the Chiller (Deep Dwarf Ice Elementalist)    Turns: 1607, Time: 00:17:45

Health: -1/38      AC:  2    Str: 11    XL:     4   Next: 58%
Magic:  3/8        EV: 13    Int: 17    God:    Elyvilon [......]
Gold:   25         SH:  0    Dex: 13    Spells: 2/9 levels left

rFire    . . .     SeeInvis .   d - +0 dagger
rCold    . . .     Gourm    .   (no shield)
rNeg     . . .     Faith    .   a - +0 robe
rPois    .         Spirit   .   (no helmet)
rElec    .         Reflect  .   (no cloak)
rCorr    .         Harm     .   (no gloves)
MR       .....                  (no boots)
Stlth    ++........             (no amulet)
HPRegen  0.00/turn              (no ring)
MPRegen  0.11/turn              (no ring)

@: frozen ramparts, non-regenerating
A: damage resistance, heal wounds, sense surroundings 1, no regeneration
a: Heal Wounds, Renounce Religion


You were on level 4 of the Dungeon.
You worshipped Elyvilon.
Elyvilon was noncommittal.
You were very hungry.

You visited 1 branch of the dungeon, and saw 5 of its levels.

You collected 25 gold pieces.

Inventory:

Hand Weapons
 d - a +0 dagger (weapon)
Missiles
 j - 9 poisoned darts (quivered)
Armour
 a - a +0 robe (worn)
 i - a +0 buckler
Scrolls
 b - a scroll of immolation {unknown}
 e - 2 scrolls of identify
 f - a scroll of remove curse {unknown}
Potions
 h - a potion of lignification
 k - a potion of curing
Comestibles
 c - 3 rations


   Skills:
 * Level 1.2 Fighting
 + Level 2.5 Dodging
 + Level 3.0 Stealth
 * Level 3.0 Spellcasting
 * Level 0.3 Charms
 + Level 4.0 Ice Magic


You had 2 spell levels left.
You knew the following spells:

 Your Spells              Type           Power        Failure   Level  Hunger
a - Ozocubu's Armour      Chrm/Ice       #.......     22%         3    ###....
b - Freeze                Ice            ###.         3%          1    None
r - Frozen Ramparts       Ice            ###...       10%         3    ###....

Your spell library contained the following spells:

 Spells                   Type           Power        Failure   Level  Hunger
 Hailstorm                Conj/Ice       #.......     58%         4    ####...
 Summon Ice Beast         Ice/Summ       #.......     58%         4    ####...


Dungeon Overview and Level Annotations

Branches:
Dungeon (5/15)
 Temple: D:4-7

Altars:
Ashenzari
Dithmenos
Elyvilon
Okawaru
The Shining One

Annotations:
D:3 Natasha
D:4 Grinder


Innate Abilities, Weirdness & Mutations

You are resistant to damage.
You can heal yourself by infusing magical energy.
You passively map a small area around you.
You do not regenerate.


Message History

As you open the door, it creaks loudly!
You hear a shout! x2
A slave comes into view.
You close the door.
A slave opens the door.
Found an escape hatch in the floor.
Found a stone staircase leading up.
Casting: Frozen Ramparts (dangerous; 10% risk of failure)
Confirm with . or Enter, or press ? or * to list all spells.
The walls around you are covered in ice.
You are feeling very hungry.
The wall freezes the slave.
The slave hits you but does no damage.
The wall freezes the slave.
The wall freezes the slave.
The wall freezes the slave.
The wall freezes the slave.
The wall freezes the slave.
The frozen ramparts melt away.
Casting: Frozen Ramparts (dangerous; 10% risk of failure)
Confirm with . or Enter, or press ? or * to list all spells.
The walls around you are covered in ice.
The wall freezes the slave.
The slave hits you.
You die...

##### #####
#...#######....
#..............
######...######..###
#..@p...## #...# #
#.####..# #.....##
#, #..# ##...###
*#..# ##<.# * * ...#
#>.. *, ##.## #.#. ,
..# #+#.. * ### . *
...


You could see a slave.

Vanquished Creatures
  An orc wizard (D:5)
  A worker ant (D:4)
  A howler monkey skeleton (D:4)
  2 adders
  2 leopard geckos
  3 orcs
  A giant cockroach (D:4)
  2 hobgoblins
  A kobold (D:2)
  2 quokkas
  3 bats
  3 frilled lizards
  5 rats
27 creatures vanquished.

Notes
Turn   | Place    | Note
-------+----------+-------------------------------------------
     0 | D:1      | Esekla the Deep Dwarf Ice Elementalist began the quest for
                  | the Orb.
     0 | D:1      | Reached XP level 1. HP: 15/15 MP: 3/3
   339 | D:2      | Reached XP level 2. HP: 7/24 MP: 0/5
   677 | D:3      | Noticed a bullfrog
   804 | D:3      | Noticed Natasha
   929 | D:4      | Reached skill level 1 in Fighting
   929 | D:4      | Reached XP level 3. HP: 7/31 MP: 2/7
   939 | D:4      | Learned a level 3 spell: Ozocubu's Armour
   943 | D:4      | Learned a level 3 spell: Frozen Ramparts
  1072 | D:4      | Noticed Grinder
  1074 | D:5      | Entered Level 5 of the Dungeon
  1081 | D:5      | Noticed a scorpion
  1148 | D:5      | Reached XP level 4. HP: 18/38 MP: 4/8
  1350 | D:5      | Reached skill level 4 in Ice Magic
  1412 | D:5      | Found a white marble altar of Elyvilon.
  1412 | D:5      | Found an iron altar of Okawaru.
  1417 | D:5      | Found a shadowy altar of Dithmenos.
  1419 | D:5      | Found a shattered altar of Ashenzari.
  1420 | D:5      | Found a glowing golden altar of the Shining One.
  1442 | D:5      | Became a worshipper of Elyvilon the Healer
  1477 | D:5      | Noticed a phantom
  1497 | D:4      | HP: 1/38 [Grinder/nerve-wracking pain (10)]
  1568 | D:4      | Noticed a slave
  1607 | D:4      | Slain by a slave

Illustrated notes

Levels and vault maps discovered:
D:1:      lightli_molten_gateway, layout_rooms, feat_on_display
D:2:      layout_basic, yredelemnul_altar_generic, minmay_quadrilaterals
D:3:      minmay_diamond_boxcup, layout_basic, uniq_natasha
D:4:      layout_loops_corners, serial_shops, nicolae_shop_stone, uniq_pikel,
          uniq_sigmund, uniq_grinder
D:5:      layout_cave_pools, chequers_temple_overflow_minitemple,
          serial_column_ruins, column_ruins_columns_straight,
          column_ruins_open_small, column_ruins_open_small_water,
          column_ruins_columns_straight, column_ruins_open_large, first_ration

Skill      XL: |  1  2  3  4 |
---------------+-------------+-----
Spellcasting   | 2 3 |  3.0
Fighting       | 1 |  1.2
Ice Magic      | 4 |  4.0
Stealth        | 3 |  3.0
Dodging        | |  2.5
Charms         | |  0.3

Action                   |  1- 3 |  4- 6 || total
-------------------------+-------+-------++-------
Melee: Dagger            |    25 |     3 ||    28
Throw: Dart              |     4 |     3 ||     7
 Cast: Freeze            |    23 |       ||    23
       Frozen Ramparts   |     3 |     4 ||     7
 Abil: Heal Wounds       |     1 |       ||     1
  Use: Scroll            |       |     3 ||     3
 Stab: Sleeping          |     5 |       ||     5
  Eat: Chunk             |     1 |     1 ||     2
Armor: Robe              |     5 |     1 ||     6
Dodge: Dodged            |    19 |     5 ||    24
